Senators vs Ice Dragons
Created - March 6, 2021 at 19:37
Goals
|
| Senators |
2 |
2 |
1 |
5 |
| Ice Dragons |
1 |
0 |
0 |
1 |
|
Shots
|
| Senators |
15 |
14 |
12 |
41 |
| Ice Dragons |
11 |
14 |
8 |
33 |
|
1st period
1. Senators , Chandler Stephenson 10 (Zachary Sanford 17) at 0:42
2. Ice Dragons , Sam Carrick 29 (Logan MacMillan 24) at 8:26 (PP)
3. Senators , Keegan Lowe 7 (A.J. Jenks 15) at 16:55
Penalties :
Keegan Lowe (BIN) for Roughing (Minor) at 7:36
2nd period
4. Senators , Jonathan Ferland 36 (Nick Foligno 33, Jordan Schroeder 24) at 9:50
5. Senators , Jonathan Ferland 37 (Nick Foligno 34, Brett Bulmer 9) at 13:28
Penalties :
Jordan Schroeder (BIN) for Tripping (Minor) at 6:35, Corban Knight (Kin) for Charging (Minor) at 10:32
3rd period
6. Senators , Nick Foligno 30 (Jonathan Ferland 48, Jordan Schroeder 25) at 16:06 (PP)
Penalties :
Zachary Sanford (BIN) for High sticking (Minor) at 2:21, Kevin Connauton (Kin) for Hooking (Minor) at 5:25, Keegan Lowe (BIN) for Tripping (Minor) at 13:46, Jerome Gauthier-Leduc (Kin) for Tripping (Minor) at 15:58
Goalie Stats
Justin Peters (BIN), 32 saves from 33 shots - (0.970), W, 23-23-3, 60:00 minutes
Chet Pickard (Kin), 36 saves from 41 shots - (0.878), L, 24-18-2, 60:00 minutes
Players Stats for Senators
Player Name G A P +/- PIM S H SB GA TA FO MP PP MP PK MP
------------------------------------------------------------------------------------
A.J. Jenks 0 1 1 1 0 0 1 0 1 0 0/0 6:24 0:00 0:00
Adam Ollas-Mattsson 0 0 0 0 0 1 0 2 0 0 0/0 12:49 0:00 1:14
Anthony Richard 0 0 0 1 0 2 1 0 0 0 2/2 6:24 0:00 0:00
Brett Bulmer 0 1 1 1 0 0 2 0 1 0 0/0 6:24 0:00 0:00
Chandler Stephenson 1 0 1 1 0 2 0 0 0 0 4/7 11:51 0:00 0:00
Dylan Blujus 0 0 0 2 0 2 2 0 0 0 0/0 25:48 2:18 4:24
Eric Mestery 0 0 0 0 0 0 0 0 0 0 0/0 0:00 0:00 0:00
Grant Besse 0 0 0 1 0 1 1 0 0 0 0/0 12:07 0:14 0:00
Jack Dougherty 0 0 0 2 0 0 1 2 1 0 0/0 19:08 1:48 2:23
Jake Evans 0 0 0 0 0 0 0 0 0 0 0/0 1:00 0:55 0:00
Joel Eriksson Ek 0 0 0 0 0 0 0 0 0 0 0/0 0:46 0:00 0:45
Jonathan Ferland 2 1 3 2 0 10 0 1 1 0 6/9 23:13 1:39 4:37
Joonas Lyytinen 0 0 0 0 0 0 1 1 0 0 0/0 11:35 0:00 0:00
Jordan Schroeder 0 2 2 2 2 3 0 0 0 0 18/36 18:37 1:39 0:00
Keegan Lowe 1 0 1 2 4 3 2 4 0 1 0/0 27:22 2:18 2:31
Kevin Rooney 0 0 0 0 0 0 0 0 0 0 0/0 0:08 0:00 0:00
Kyle Connor 0 0 0 0 0 1 1 0 0 0 2/7 15:14 1:46 0:00
Mason Geertsen 0 0 0 0 0 0 0 0 0 0 0/0 4:21 0:00 0:39
Nathan Gerbe 0 0 0 0 0 0 0 0 0 0 0/0 0:00 0:00 0:00
Nick Foligno 1 2 3 2 0 2 3 1 0 0 2/6 23:08 1:39 4:32
Philippe Myers 0 0 0 2 0 0 0 0 0 0 0/0 19:08 1:48 2:23
Scott Harrington 0 0 0 0 0 0 0 0 0 0 0/0 0:00 0:00 0:00
Tomas Jurco 0 0 0 0 0 5 1 0 0 0 1/2 17:44 2:13 1:39
Zachary Sanford 0 1 1 1 2 3 1 1 1 0 0/1 11:51 0:00 0:00
Zemgus Girgensons 0 0 0 0 0 6 0 2 1 1 0/3 18:07 2:13 2:01
Players Stats for Ice Dragons
Player Name G A P +/- PIM S H SB GA TA FO MP PP MP PK MP
------------------------------------------------------------------------------------
Alex Henriksson 0 0 0 0 0 0 0 0 0 0 0/0 1:17 0:00 1:11
Alex Lintuniemi 0 0 0 0 0 0 0 0 0 0 0/0 0:00 0:00 0:00
Alex Plante 0 0 0 -1 0 2 0 1 0 2 0/0 18:30 1:38 1:47
Billy Sweat 0 0 0 -1 0 4 1 3 0 1 1/1 24:02 4:18 2:24
Brandon Kozun 0 0 0 -1 0 2 0 0 1 0 3/4 21:33 4:18 0:00
Chris Wagner 0 0 0 -1 0 1 1 0 0 0 0/0 11:28 0:00 0:00
Cole Ully 0 0 0 0 0 0 0 0 0 0 0/0 0:00 0:00 0:00
Corban Knight 0 0 0 -1 2 3 3 0 1 0 19/43 22:46 4:18 1:08
David Shields 0 0 0 0 0 0 0 0 0 0 0/0 0:18 0:00 0:13
Emil Pettersson 0 0 0 -1 0 1 2 0 0 0 4/7 13:03 0:00 1:24
Jerome Gauthier-Leduc 0 0 0 -1 2 1 0 1 0 0 0/0 13:44 0:00 0:00
Juho Lammikko 0 0 0 -2 0 0 3 0 0 1 0/0 7:04 0:00 0:00
Justin Shugg 0 0 0 0 0 0 0 0 0 0 1/1 15:38 2:29 0:00
Kevin Connauton 0 0 0 -2 2 4 1 5 0 0 0/0 27:06 5:09 1:09
Logan MacMillan 0 1 1 0 0 2 3 0 0 1 0/0 16:09 2:29 0:31
Luca Sbisa 0 0 0 -1 0 1 1 1 0 1 0/0 18:30 1:38 1:47
Mario Lucia 0 0 0 0 0 0 0 0 0 0 0/0 0:00 0:00 0:00
Phil Di Giuseppe 0 0 0 -2 0 2 1 0 0 0 0/0 7:04 0:00 0:00
Robin Norell 0 0 0 -1 0 0 1 2 0 0 0/0 14:10 0:00 0:57
Sam Carrick 1 0 1 0 0 8 5 0 0 0 9/15 16:18 2:29 0:40
Samuel Groulx 0 0 0 0 0 0 0 0 0 0 0/0 0:00 0:00 0:00
Theodor Blueger 0 0 0 -2 0 0 0 0 0 0 0/1 7:58 0:00 0:54
Thomas Gobeil 0 0 0 0 0 0 0 0 0 0 0/0 0:00 0:00 0:00
William Carrier 0 0 0 -1 0 1 5 0 0 0 1/1 11:28 0:00 0:00
Zach Trotman 0 0 0 -2 0 1 1 3 0 0 0/0 27:45 5:09 2:19
3 Stars
1 - Jonathan Ferland (BIN)
2 - Nick Foligno (BIN)
3 - Justin Peters (BIN)
Power Play
Senators - 1 on 3 Attempt(s) - 33.33%
Ice Dragons - 1 on 4 Attempt(s) - 25.00%
Penalty Kill
Senators - 3 on 4 Attempt(s) - 75.00%
- Score 0 goal in Penalty Kill
Ice Dragons - 2 on 3 Attempt(s) - 66.67%
- Score 0 goal in Penalty Kill
Team Stat
Senators - Hits : 17 - Faceoff Wins : 35 - Blocked Shots : 14 - Penalty Minutes : 8
Ice Dragons - Hits : 28 - Faceoff Wins : 38 - Blocked Shots : 16 - Penalty Minutes : 6
Official
Referees : Unknown
Linesman : Unknown
Game Notes
Kevin Rooney is injured at 0:26 of 1st period (Lacerated Right Calf)
Finance
Level 1 -- Attendance: 1242 (62.10%) -- Ticket Income $49,680
Level 2 -- Attendance: 642 (64.20%) -- Ticket Income $12,840
Total Attendance: 1884 (62.80%)
Total Ticket Income: $62,520
Other Income: $3,126
Total Income: $65,646
Senators
5 vs 5 Forward
Center Left Wing Right Wing Time % Phy DF OF
1 Jordan Schroeder Nick Foligno Jonathan Ferland 40 1 2 2
2 Kevin Rooney Zemgus Girgensons Tomas Jurco 30 1 2 2
3 Chandler Stephenson Zachary Sanford Grant Besse 20 1 2 2
4 Anthony Richard A.J. Jenks Brett Bulmer 10 1 2 2
5 vs 5 Defense
Defense Defense Time % Phy DF OF
1 Keegan Lowe Dylan Blujus 40 1 2 2
2 Jack Dougherty Philippe Myers 30 1 2 2
3 Joonas Lyytinen Adam Ollas-Mattsson 20 1 2 2
4 Mason Geertsen Keegan Lowe 10 1 2 2
PowerPlay Forward
Center Left Wing Right Wing Time % Phy DF OF
1 Jordan Schroeder Nick Foligno Jonathan Ferland 60 1 2 2
2 Kevin Rooney Zemgus Girgensons Tomas Jurco 40 1 2 2
PowerPlay Defense
Defense Defense Time % Phy DF OF
1 Keegan Lowe Dylan Blujus 60 1 2 2
2 Jack Dougherty Philippe Myers 40 1 2 2
Penalty Kill 4 Players Forward
Center Wing Time % Phy DF OF
1 Jonathan Ferland Nick Foligno 60 1 2 2
2 Tomas Jurco Zemgus Girgensons 40 1 2 2
Penalty Kill 4 Players Defense
Defense Defense Time % Phy DF OF
1 Keegan Lowe Dylan Blujus 60 1 2 2
2 Jack Dougherty Philippe Myers 40 1 2 2
Penalty Kill - 3 Players Forward
Forward Time % Phy DF OF
1 Jonathan Ferland 60 1 2 2
2 Nick Foligno 40 1 2 2
Penalty Kill - 3 Players Defense
Defense Defense Time % Phy DF OF
1 Keegan Lowe Dylan Blujus 60 1 2 2
2 Jack Dougherty Philippe Myers 40 1 2 2
4 vs 4 Forward
Center Wing Time % Phy DF OF
1 Jonathan Ferland Nick Foligno 60 1 2 2
2 Tomas Jurco Zemgus Girgensons 40 1 2 2
4 vs 4 Defense
Defense Defense Time % Phy DF OF
1 Keegan Lowe Dylan Blujus 60 1 2 2
2 Jack Dougherty Philippe Myers 40 1 2 2
Last Minutes Offensive
Center Left Wing Right Wing Defense Defense
Jordan Schroeder Nick Foligno Jonathan Ferland Keegan Lowe Dylan Blujus
Last Minutes Defensive
Center Left Wing Right Wing Defense Defense
Jordan Schroeder Nick Foligno Jonathan Ferland Keegan Lowe Dylan Blujus
Goaltenders
Starting : Justin Peters
Backup : Sami Aittokallio
Extra Forwards
Normal : Kyle Connor, Jake Evans, Joel Eriksson Ek - PP : Kyle Connor, Jake Evans - PK : Joel Eriksson Ek
Extra Defensemen
Normal : Joonas Lyytinen, Adam Ollas-Mattsson, Mason Geertsen - PP : Joonas Lyytinen - PK : Adam Ollas-Mattsson, Mason Geertsen
Penalty Shots
Jonathan Ferland, Nick Foligno, Tomas Jurco, Zemgus Girgensons, Zachary Sanford
Scratches
Zach Nastasiuk (Healthy), Jonas Siegenthaler (Healthy), Blake Coleman (Healthy), Branden Troock (Healthy), Gustav Forsling (Healthy)
Warren Foegele (Healthy), Maxim Letunov (Healthy), Pontus Sjalin (Healthy), Keven Bouchard (Healthy)
Ice Dragons
5 vs 5 Forward
Center Left Wing Right Wing Time % Phy DF OF
1 Corban Knight Billy Sweat Brandon Kozun 40 1 2 2
2 Sam Carrick Logan MacMillan Justin Shugg 30 1 2 2
3 Emil Pettersson William Carrier Chris Wagner 20 1 2 2
4 Theodor Blueger Phil Di Giuseppe Juho Lammikko 10 1 2 2
5 vs 5 Defense
Defense Defense Time % Phy DF OF
1 Kevin Connauton Zach Trotman 40 1 2 2
2 Luca Sbisa Alex Plante 30 1 2 2
3 Jerome Gauthier-Leduc Robin Norell 20 1 2 2
4 Kevin Connauton Zach Trotman 10 1 2 2
PowerPlay Forward
Center Left Wing Right Wing Time % Phy DF OF
1 Corban Knight Billy Sweat Brandon Kozun 60 1 2 2
2 Sam Carrick Logan MacMillan Justin Shugg 40 1 2 2
PowerPlay Defense
Defense Defense Time % Phy DF OF
1 Kevin Connauton Zach Trotman 60 1 2 2
2 Luca Sbisa Alex Plante 40 1 2 2
Penalty Kill 4 Players Forward
Center Wing Time % Phy DF OF
1 Corban Knight Billy Sweat 60 1 2 2
2 Sam Carrick Logan MacMillan 40 1 2 2
Penalty Kill 4 Players Defense
Defense Defense Time % Phy DF OF
1 Kevin Connauton Zach Trotman 60 1 2 2
2 Luca Sbisa Alex Plante 40 1 2 2
Penalty Kill - 3 Players Forward
Forward Time % Phy DF OF
1 Corban Knight 60 1 2 2
2 Billy Sweat 40 1 2 2
Penalty Kill - 3 Players Defense
Defense Defense Time % Phy DF OF
1 Kevin Connauton Zach Trotman 60 1 2 2
2 Luca Sbisa Alex Plante 40 1 2 2
4 vs 4 Forward
Center Wing Time % Phy DF OF
1 Corban Knight Billy Sweat 60 1 2 2
2 Sam Carrick Logan MacMillan 40 1 2 2
4 vs 4 Defense
Defense Defense Time % Phy DF OF
1 Kevin Connauton Zach Trotman 60 1 2 2
2 Luca Sbisa Alex Plante 40 1 2 2
Last Minutes Offensive
Center Left Wing Right Wing Defense Defense
Corban Knight Billy Sweat Brandon Kozun Kevin Connauton Zach Trotman
Last Minutes Defensive
Center Left Wing Right Wing Defense Defense
Corban Knight Billy Sweat Brandon Kozun Kevin Connauton Zach Trotman
Goaltenders
Starting : Chet Pickard
Backup : Joacim Eriksson
Extra Forwards
Normal : William Carrier, Phil Di Giuseppe, Emil Pettersson - PP : William Carrier, Phil Di Giuseppe - PK : Emil Pettersson
Extra Defensemen
Normal : Jerome Gauthier-Leduc, Robin Norell, Luca Sbisa - PP : Jerome Gauthier-Leduc - PK : Robin Norell, Luca Sbisa
Penalty Shots
Corban Knight, Billy Sweat, Sam Carrick, Logan MacMillan, Brandon Kozun
Scratches
Jordan LaVallee (Strained Right Elbow Injury), Oscar Dansk (Healthy), Brandon Halverson (Healthy)
% Time on Ice - Senators
Lines # - Real PCT - Wanted PCT - Time Play
Normal Forward
1 - 35% - 40% - 16:58
2 - 28% - 30% - 13:54
3 - 24% - 20% - 11:51
4 - 13% - 10% - 6:24
Normal Defense
1 - 39% - 40% - 19:06
2 - 30% - 30% - 14:57
3 - 24% - 20% - 11:35
4 - 7% - 10% - 3:29
PP Forward
1 - 40% - 60% - 1:39
2 - 60% - 40% - 2:27
PP Defense
1 - 56% - 60% - 2:18
2 - 44% - 40% - 1:48
PK Forward
1 - 76% - 60% - 5:08
2 - 24% - 40% - 1:39
PK Defense
1 - 65% - 60% - 4:24
2 - 35% - 40% - 2:23
PK3 Forward
1 - 0% - 60%
2 - 0% - 40%
PK3 Defense
1 - 0% - 60%
2 - 0% - 40%
44 Forward
1 - 0% - 60%
2 - 0% - 40%
44 Defense
1 - 0% - 60%
2 - 0% - 40%
Last Minute Offensive - 0:00
Last Minute Defensive - 0:00
Total
Forward - 60:00
Defense - 60:00
|
% Time on Ice - Ice Dragons
Lines # - Real PCT - Wanted PCT - Time Play
Normal Forward
1 - 35% - 40% - 17:26
2 - 27% - 30% - 13:09
3 - 23% - 20% - 11:28
4 - 14% - 10% - 7:04
Normal Defense
1 - 39% - 40% - 18:56
2 - 31% - 30% - 15:05
3 - 27% - 20% - 13:13
4 - 4% - 10% - 1:53
PP Forward
1 - 63% - 60% - 4:18
2 - 37% - 40% - 2:29
PP Defense
1 - 76% - 60% - 5:09
2 - 24% - 40% - 1:38
PK Forward
1 - 87% - 60% - 3:35
2 - 13% - 40% - 0:31
PK Defense
1 - 57% - 60% - 2:19
2 - 43% - 40% - 1:47
PK3 Forward
1 - 0% - 60%
2 - 0% - 40%
PK3 Defense
1 - 0% - 60%
2 - 0% - 40%
44 Forward
1 - 0% - 60%
2 - 0% - 40%
44 Defense
1 - 0% - 60%
2 - 0% - 40%
Last Minute Offensive - 0:00
Last Minute Defensive - 0:00
Total
Forward - 60:00
Defense - 60:00
|
Play-by-Play
1st period
0:01 of 1st period - Jordan Schroeder wins face-off versus Corban Knight in neutral zone.
0:04 of 1st period - Kevin Connauton is hit by Keegan Lowe and loses puck.
0:09 of 1st period - Snap shot by Jonathan Ferland.
0:09 of 1st period - Shot Misses the Net.
0:11 of 1st period - Slapshot by Jordan Schroeder.
0:11 of 1st period - Stopped by Chet Pickard with a rebound.
0:25 of 1st period - Kevin Rooney is hit by Sam Carrick and loses puck.
0:26 of 1st period - Kevin Rooney from Senators is injured at 0:26 of 1st period (Lacerated Right Calf).
0:27 of 1st period - Emil Pettersson wins face-off versus Chandler Stephenson in Senators zone.
0:40 of 1st period - Slapshot by Chandler Stephenson.
0:40 of 1st period - Stopped by Chet Pickard with a rebound.
0:42 of 1st period - Snap shot by Chandler Stephenson.
0:42 of 1st period - Goal by Chandler Stephenson - Senators : 1 - Ice Dragons : 0.
0:43 of 1st period - Sam Carrick wins face-off versus Kyle Connor in neutral zone.
0:57 of 1st period - Snap shot by Tomas Jurco.
0:57 of 1st period - Stopped by Chet Pickard without a rebound.
0:58 of 1st period - Anthony Richard wins face-off versus Theodor Blueger in Ice Dragons zone.
1:07 of 1st period - Wrist shot by Anthony Richard.
1:07 of 1st period - Shot Misses the Net.
1:38 of 1st period - Wrist shot by Jonathan Ferland.
1:38 of 1st period - Shot Misses the Net.
2:47 of 1st period - Icing by Kevin Connauton.
2:48 of 1st period - Anthony Richard wins face-off versus Corban Knight in Ice Dragons zone.
2:57 of 1st period - Snap shot by Tomas Jurco.
2:57 of 1st period - Stopped by Chet Pickard with a rebound.
2:59 of 1st period - Wrist shot by Adam Ollas-Mattsson.
2:59 of 1st period - Stopped by Chet Pickard with a rebound.
3:01 of 1st period - Slapshot by Joonas Lyytinen.
3:01 of 1st period - Deflect By Zemgus Girgensons.
3:01 of 1st period - Shot Misses the Net.
3:01 of 1st period - Puck is out of play.
3:02 of 1st period - Sam Carrick wins face-off versus Jordan Schroeder in Ice Dragons zone.
3:09 of 1st period - Keegan Lowe is hit by Sam Carrick and loses puck.
3:16 of 1st period - Snap shot by Jonathan Ferland.
3:16 of 1st period - Shot Blocked by Robin Norell.
3:18 of 1st period - Snap shot by Nick Foligno.
3:18 of 1st period - Shot Misses the Net.
3:28 of 1st period - Tomas Jurco is hit by Emil Pettersson and loses puck.
4:23 of 1st period - Snap shot by A.J. Jenks.
4:23 of 1st period - Deflect By Zach Trotman.
4:23 of 1st period - Shot Blocked by Kevin Connauton.
4:23 of 1st period - Puck is out of play.
4:24 of 1st period - Sam Carrick wins face-off versus Jordan Schroeder in Ice Dragons zone.
5:14 of 1st period - Jerome Gauthier-Leduc is hit by Tomas Jurco and loses puck.
5:25 of 1st period - Snap shot by Zemgus Girgensons.
5:25 of 1st period - Shot Blocked by Robin Norell.
5:33 of 1st period - Snap shot by Zemgus Girgensons.
5:33 of 1st period - Stopped by Chet Pickard without a rebound.
5:34 of 1st period - Corban Knight wins face-off versus Jordan Schroeder in Ice Dragons zone.
6:19 of 1st period - Wrist shot by A.J. Jenks.
6:19 of 1st period - Shot Misses the Net.
6:21 of 1st period - Wrist shot by Brett Bulmer.
6:21 of 1st period - Shot Misses the Net.
6:36 of 1st period - Icing by Adam Ollas-Mattsson.
6:37 of 1st period - Emil Pettersson wins face-off versus Jordan Schroeder in Senators zone.
7:08 of 1st period - Slapshot by Billy Sweat.
7:08 of 1st period - Shot Misses the Net.
7:34 of 1st period - Wrist shot by Sam Carrick.
7:34 of 1st period - Stopped by Justin Peters with a rebound.
7:36 of 1st period - Minor Penalty to Keegan Lowe for Roughing.
7:37 of 1st period - Jonathan Ferland wins face-off versus Brandon Kozun in Senators zone.
8:10 of 1st period - Wrist shot by Sam Carrick.
8:10 of 1st period - Stopped by Justin Peters without a rebound.
8:11 of 1st period - Sam Carrick wins face-off versus Tomas Jurco in Senators zone.
8:24 of 1st period - Slapshot by Sam Carrick.
8:24 of 1st period - Shot Blocked by Jack Dougherty.
8:26 of 1st period - Wrist shot by Sam Carrick.
8:26 of 1st period - Goal by Sam Carrick - Senators : 1 - Ice Dragons : 1.
8:27 of 1st period - Jordan Schroeder wins face-off versus Corban Knight in neutral zone.
9:02 of 1st period - Wrist shot by Zachary Sanford.
9:02 of 1st period - Shot Blocked by Kevin Connauton.
9:04 of 1st period - Slapshot by Jack Dougherty.
9:04 of 1st period - Shot Blocked by Billy Sweat.
9:19 of 1st period - Zemgus Girgensons is hit by Logan MacMillan and loses puck.
9:26 of 1st period - Snap shot by Logan MacMillan.
9:26 of 1st period - Stopped by Justin Peters with a rebound.
9:56 of 1st period - Dylan Blujus is hit by Juho Lammikko and loses puck.
10:01 of 1st period - Snap shot by Phil Di Giuseppe.
10:01 of 1st period - Shot Blocked by Keegan Lowe.
10:07 of 1st period - Wrist shot by Phil Di Giuseppe.
10:07 of 1st period - Stopped by Justin Peters with a rebound.
10:09 of 1st period - Slapshot by Jerome Gauthier-Leduc.
10:09 of 1st period - Deflect By Phil Di Giuseppe.
10:09 of 1st period - Stopped by Justin Peters without a rebound.
10:10 of 1st period - Jordan Schroeder wins face-off versus Sam Carrick in Senators zone.
10:10 of 1st period - Jordan Schroeder is hit by Luca Sbisa.
10:26 of 1st period - Keegan Lowe is hit by Sam Carrick and loses puck.
11:01 of 1st period - Dylan Blujus is hit by William Carrier and loses puck.
11:25 of 1st period - Snap shot by A.J. Jenks.
11:25 of 1st period - Shot Blocked by Kevin Connauton.
11:33 of 1st period - Snap shot by Kevin Connauton.
11:33 of 1st period - Stopped by Justin Peters without a rebound.
11:34 of 1st period - Jordan Schroeder wins face-off versus Corban Knight in Senators zone.
11:59 of 1st period - Tomas Jurco is hit by Kevin Connauton and loses puck.
12:10 of 1st period - Slapshot by Zemgus Girgensons.
12:10 of 1st period - Stopped by Chet Pickard with a rebound.
12:40 of 1st period - Slapshot by A.J. Jenks.
12:40 of 1st period - Shot Misses the Net.
12:46 of 1st period - Wrist shot by Anthony Richard.
12:46 of 1st period - Stopped by Chet Pickard without a rebound.
12:47 of 1st period - Jordan Schroeder wins face-off versus Corban Knight in Ice Dragons zone.
12:56 of 1st period - Wrist shot by Nick Foligno.
12:56 of 1st period - Shot Blocked by Luca Sbisa.
12:58 of 1st period - Slapshot by Jonathan Ferland.
12:58 of 1st period - Stopped by Chet Pickard without a rebound.
12:59 of 1st period - Jordan Schroeder wins face-off versus Corban Knight in Ice Dragons zone.
13:06 of 1st period - Wrist shot by Jonathan Ferland.
13:06 of 1st period - Stopped by Chet Pickard without a rebound.
13:07 of 1st period - Corban Knight wins face-off versus Jordan Schroeder in Ice Dragons zone.
13:16 of 1st period - Slapshot by Billy Sweat.
13:16 of 1st period - Stopped by Justin Peters without a rebound.
13:17 of 1st period - Nick Foligno wins face-off versus Sam Carrick in Senators zone.
14:06 of 1st period - Snap shot by Emil Pettersson.
14:06 of 1st period - Stopped by Justin Peters with a rebound.
14:08 of 1st period - Snap shot by Emil Pettersson.
14:08 of 1st period - Shot Misses the Net.
14:37 of 1st period - Wrist shot by Grant Besse.
14:37 of 1st period - Stopped by Chet Pickard without a rebound.
14:38 of 1st period - Brandon Kozun wins face-off versus Jordan Schroeder in Ice Dragons zone.
15:10 of 1st period - Slapshot by Billy Sweat.
15:10 of 1st period - Stopped by Justin Peters without a rebound.
15:11 of 1st period - Sam Carrick wins face-off versus Jordan Schroeder in Senators zone.
15:36 of 1st period - Snap shot by Zachary Sanford.
15:36 of 1st period - Stopped by Chet Pickard without a rebound.
15:37 of 1st period - Chandler Stephenson wins face-off versus Corban Knight in Ice Dragons zone.
16:45 of 1st period - Kevin Connauton is hit by A.J. Jenks.
16:55 of 1st period - Slapshot by Keegan Lowe.
16:55 of 1st period - Goal by Keegan Lowe - Senators : 2 - Ice Dragons : 1.
16:56 of 1st period - Corban Knight wins face-off versus Jordan Schroeder in neutral zone.
16:59 of 1st period - Slapshot by Kevin Connauton.
16:59 of 1st period - Shot Misses the Net.
17:11 of 1st period - Snap shot by Jonathan Ferland.
17:11 of 1st period - Stopped by Chet Pickard with a rebound.
18:00 of 1st period - Alex Plante is hit by Anthony Richard and loses puck.
18:22 of 1st period - Jonathan Ferland is hit by Corban Knight and loses puck.
18:27 of 1st period - Snap shot by Corban Knight.
18:27 of 1st period - Stopped by Justin Peters with a rebound.
18:43 of 1st period - Sam Carrick is hit by Joonas Lyytinen and loses puck.
19:32 of 1st period - Phil Di Giuseppe is hit by Brett Bulmer.
Goals for this period are 2 for Senators vs 1 for Ice Dragons.
Shots for this period are 15 for Senators vs 11 for Ice Dragons.
2nd period
0:01 of 2nd period - Corban Knight wins face-off versus Jordan Schroeder in neutral zone.
0:26 of 2nd period - Zemgus Girgensons is hit by Sam Carrick and loses puck.
0:35 of 2nd period - Slapshot by Logan MacMillan.
0:35 of 2nd period - Shot Blocked by Keegan Lowe.
0:43 of 2nd period - Sam Carrick is hit by Kyle Connor and loses puck.
0:52 of 2nd period - Keegan Lowe is hit by Sam Carrick and loses puck.
1:01 of 2nd period - Wrist shot by Logan MacMillan.
1:01 of 2nd period - Deflect By Sam Carrick.
1:01 of 2nd period - Stopped by Justin Peters without a rebound.
1:02 of 2nd period - Corban Knight wins face-off versus Jordan Schroeder in Senators zone.
1:34 of 2nd period - Wrist shot by Corban Knight.
1:34 of 2nd period - Stopped by Justin Peters without a rebound.
1:35 of 2nd period - William Carrier wins face-off versus Jordan Schroeder in Senators zone.
1:36 of 2nd period - Wrist shot by Chris Wagner.
1:36 of 2nd period - Shot Blocked by Adam Ollas-Mattsson.
1:52 of 2nd period - Jordan Schroeder is hit by William Carrier and loses puck.
2:05 of 2nd period - Snap shot by Sam Carrick.
2:05 of 2nd period - Shot Blocked by Joonas Lyytinen.
2:55 of 2nd period - Wrist shot by Corban Knight.
2:55 of 2nd period - Stopped by Justin Peters with a rebound.
3:07 of 2nd period - Jonathan Ferland is hit by Chris Wagner and loses puck.
3:18 of 2nd period - Kevin Connauton is hit by Nick Foligno and loses puck.
3:59 of 2nd period - Slapshot by Billy Sweat.
3:59 of 2nd period - Shot Misses the Net.
4:13 of 2nd period - Tomas Jurco is hit by Phil Di Giuseppe and loses puck.
4:44 of 2nd period - Slapshot by Zach Trotman.
4:44 of 2nd period - Deflect By Billy Sweat.
4:44 of 2nd period - Shot Blocked by Keegan Lowe.
4:44 of 2nd period - Puck is out of play.
4:45 of 2nd period - Corban Knight wins face-off versus Chandler Stephenson in Senators zone.
4:50 of 2nd period - Wrist shot by Brandon Kozun.
4:50 of 2nd period - Shot Misses the Net.
5:10 of 2nd period - Jack Dougherty is hit by Logan MacMillan and loses puck.
5:15 of 2nd period - Snap shot by Sam Carrick.
5:15 of 2nd period - Shot Misses the Net.
5:17 of 2nd period - Slapshot by Sam Carrick.
5:17 of 2nd period - Stopped by Justin Peters with a rebound.
5:38 of 2nd period - Jack Dougherty is hit by Robin Norell and loses puck.
6:32 of 2nd period - Icing by Corban Knight.
6:33 of 2nd period - Jonathan Ferland wins face-off versus Corban Knight in Ice Dragons zone.
6:35 of 2nd period - Minor Penalty to Jordan Schroeder for Tripping.
6:36 of 2nd period - Corban Knight wins face-off versus Nick Foligno in Senators zone.
6:40 of 2nd period - Wrist shot by Brandon Kozun.
6:40 of 2nd period - Shot Blocked by Jonathan Ferland.
6:42 of 2nd period - Slapshot by Billy Sweat.
6:42 of 2nd period - Stopped by Justin Peters without a rebound.
6:43 of 2nd period - Nick Foligno wins face-off versus Corban Knight in Senators zone.
7:13 of 2nd period - Off-side.
7:14 of 2nd period - Justin Shugg wins face-off versus Jonathan Ferland in neutral zone.
7:16 of 2nd period - Off-side.
7:17 of 2nd period - Jonathan Ferland wins face-off versus Sam Carrick in neutral zone.
7:32 of 2nd period - Off-side.
7:33 of 2nd period - Corban Knight wins face-off versus Jonathan Ferland in neutral zone.
7:38 of 2nd period - Slapshot by Kevin Connauton.
7:38 of 2nd period - Stopped by Justin Peters with a rebound.
7:40 of 2nd period - Slapshot by Zach Trotman.
7:40 of 2nd period - Stopped by Justin Peters with a rebound.
7:42 of 2nd period - Snap shot by Brandon Kozun.
7:42 of 2nd period - Stopped by Justin Peters with a rebound.
7:44 of 2nd period - Wrist shot by Brandon Kozun.
7:44 of 2nd period - Stopped by Justin Peters without a rebound.
7:45 of 2nd period - Jonathan Ferland wins face-off versus Corban Knight in Senators zone.
8:24 of 2nd period - Wrist shot by Kevin Connauton.
8:24 of 2nd period - Stopped by Justin Peters with a rebound.
8:26 of 2nd period - Slapshot by Zach Trotman.
8:26 of 2nd period - Shot Misses the Net.
8:35 of 2nd period - Penalty to Jordan Schroeder is over, Jordan Schroeder is back on ice.
8:41 of 2nd period - Off-side.
8:42 of 2nd period - Chandler Stephenson wins face-off versus Emil Pettersson in neutral zone.
8:59 of 2nd period - Chandler Stephenson is hit by William Carrier and loses puck.
9:04 of 2nd period - Snap shot by William Carrier.
9:04 of 2nd period - Shot Misses the Net.
9:28 of 2nd period - Grant Besse is hit by William Carrier.
9:34 of 2nd period - Snap shot by Chris Wagner.
9:34 of 2nd period - Stopped by Justin Peters without a rebound.
9:35 of 2nd period - Jordan Schroeder wins face-off versus Corban Knight in Senators zone.
9:44 of 2nd period - Slapshot by Jonathan Ferland.
9:44 of 2nd period - Shot Blocked by Kevin Connauton.
9:46 of 2nd period - Snap shot by Jordan Schroeder.
9:46 of 2nd period - Stopped by Chet Pickard with a rebound.
9:48 of 2nd period - Wrist shot by Jonathan Ferland.
9:48 of 2nd period - Shot Blocked by Zach Trotman.
9:50 of 2nd period - Snap shot by Nick Foligno.
9:50 of 2nd period - Deflect By Jonathan Ferland.
9:50 of 2nd period - Deflect By Kevin Connauton.
9:50 of 2nd period - Goal by Jonathan Ferland - Senators : 3 - Ice Dragons : 1.
9:51 of 2nd period - Jordan Schroeder wins face-off versus Corban Knight in neutral zone.
10:00 of 2nd period - Snap shot by Jonathan Ferland.
10:00 of 2nd period - Stopped by Chet Pickard without a rebound.
10:01 of 2nd period - Jordan Schroeder wins face-off versus Corban Knight in Ice Dragons zone.
10:32 of 2nd period - Minor Penalty to Corban Knight for Charging.
10:33 of 2nd period - Kyle Connor wins face-off versus Emil Pettersson in Ice Dragons zone.
10:35 of 2nd period - Snap shot by Tomas Jurco.
10:35 of 2nd period - Shot Misses the Net.
10:37 of 2nd period - Snap shot by Dylan Blujus.
10:37 of 2nd period - Shot Blocked by Billy Sweat.
10:39 of 2nd period - Slapshot by Dylan Blujus.
10:39 of 2nd period - Deflect By Billy Sweat.
10:39 of 2nd period - Stopped by Chet Pickard without a rebound.
10:40 of 2nd period - Emil Pettersson wins face-off versus Kyle Connor in Ice Dragons zone.
11:03 of 2nd period - Slapshot by Dylan Blujus.
11:03 of 2nd period - Stopped by Chet Pickard with a rebound.
11:05 of 2nd period - Snap shot by Zemgus Girgensons.
11:05 of 2nd period - Shot Blocked by Zach Trotman.
11:09 of 2nd period - Wrist shot by Tomas Jurco.
11:09 of 2nd period - Stopped by Chet Pickard without a rebound.
11:10 of 2nd period - Emil Pettersson wins face-off versus Jordan Schroeder in Ice Dragons zone.
12:32 of 2nd period - Penalty to Corban Knight is over, Corban Knight is back on ice.
12:55 of 2nd period - Justin Shugg is hit by Zachary Sanford and loses puck.
13:24 of 2nd period - Snap shot by Jonathan Ferland.
13:24 of 2nd period - Shot Blocked by Jerome Gauthier-Leduc.
13:26 of 2nd period - Wrist shot by Nick Foligno.
13:26 of 2nd period - Shot Misses the Net.
13:28 of 2nd period - Slapshot by Jonathan Ferland.
13:28 of 2nd period - Goal by Jonathan Ferland - Senators : 4 - Ice Dragons : 1.
13:29 of 2nd period - Brandon Kozun wins face-off versus Jordan Schroeder in neutral zone.
13:38 of 2nd period - Wrist shot by Brandon Kozun.
13:38 of 2nd period - Shot Misses the Net.
13:44 of 2nd period - Billy Sweat is hit by Nick Foligno and loses puck.
14:03 of 2nd period - Snap shot by Sam Carrick.
14:03 of 2nd period - Stopped by Justin Peters without a rebound.
14:04 of 2nd period - Sam Carrick wins face-off versus Jordan Schroeder in Senators zone.
14:05 of 2nd period - Slapshot by Kevin Connauton.
14:05 of 2nd period - Shot Blocked by Nick Foligno.
14:38 of 2nd period - Slapshot by Jack Dougherty.
14:38 of 2nd period - Shot Misses the Net.
15:16 of 2nd period - Snap shot by Jonathan Ferland.
15:16 of 2nd period - Stopped by Chet Pickard without a rebound.
15:17 of 2nd period - Corban Knight wins face-off versus Jordan Schroeder in Ice Dragons zone.
16:07 of 2nd period - Wrist shot by Theodor Blueger.
16:07 of 2nd period - Shot Misses the Net.
16:09 of 2nd period - Backhand shot by Alex Plante.
16:09 of 2nd period - Stopped by Justin Peters without a rebound.
16:10 of 2nd period - Corban Knight wins face-off versus Kyle Connor in Senators zone.
16:19 of 2nd period - Tomas Jurco is hit by Corban Knight and loses puck.
17:11 of 2nd period - Slapshot by Logan MacMillan.
17:11 of 2nd period - Shot Misses the Net.
17:15 of 2nd period - Snap shot by Sam Carrick.
17:15 of 2nd period - Stopped by Justin Peters without a rebound.
17:16 of 2nd period - Jordan Schroeder wins face-off versus Corban Knight in Senators zone.
17:16 of 2nd period - Jordan Schroeder is hit by Corban Knight.
17:22 of 2nd period - Slapshot by Jordan Schroeder.
17:22 of 2nd period - Stopped by Chet Pickard without a rebound.
17:23 of 2nd period - Corban Knight wins face-off versus Jordan Schroeder in Ice Dragons zone.
17:58 of 2nd period - Snap shot by Zemgus Girgensons.
17:58 of 2nd period - Stopped by Chet Pickard with a rebound.
18:08 of 2nd period - Wrist shot by A.J. Jenks.
18:08 of 2nd period - Shot Misses the Net.
18:38 of 2nd period - Wrist shot by Zachary Sanford.
18:38 of 2nd period - Deflect By Kevin Connauton.
18:38 of 2nd period - Shot Blocked by Kevin Connauton.
18:38 of 2nd period - Puck is out of play.
18:39 of 2nd period - Jordan Schroeder wins face-off versus Corban Knight in Ice Dragons zone.
18:50 of 2nd period - Mason Geertsen is hit by Billy Sweat and loses puck.
19:27 of 2nd period - Snap shot by Phil Di Giuseppe.
19:27 of 2nd period - Shot Hit the Post.
19:41 of 2nd period - Wrist shot by Zemgus Girgensons.
19:41 of 2nd period - Stopped by Chet Pickard with a rebound.
19:43 of 2nd period - Backhand shot by Zemgus Girgensons.
19:43 of 2nd period - Stopped by Chet Pickard with a rebound.
19:45 of 2nd period - Backhand shot by Tomas Jurco.
19:45 of 2nd period - Stopped by Chet Pickard with a rebound.
19:47 of 2nd period - Backhand shot by Tomas Jurco.
19:47 of 2nd period - Shot Misses the Net.
19:49 of 2nd period - Wrist shot by Tomas Jurco.
19:49 of 2nd period - Stopped by Chet Pickard without a rebound.
19:50 of 2nd period - Corban Knight wins face-off versus Nick Foligno in Ice Dragons zone.
Goals for this period are 2 for Senators vs 0 for Ice Dragons.
Shots for this period are 14 for Senators vs 14 for Ice Dragons.
3rd period
0:01 of 3rd period - Jordan Schroeder wins face-off versus Corban Knight in neutral zone.
0:12 of 3rd period - Snap shot by Nick Foligno.
0:12 of 3rd period - Shot Blocked by Zach Trotman.
0:48 of 3rd period - Snap shot by Logan MacMillan.
0:48 of 3rd period - Stopped by Justin Peters with a rebound.
0:57 of 3rd period - Off-side.
0:58 of 3rd period - Corban Knight wins face-off versus Nick Foligno in neutral zone.
1:37 of 3rd period - Slapshot by Jonathan Ferland.
1:37 of 3rd period - Stopped by Chet Pickard with a rebound.
1:39 of 3rd period - Wrist shot by Jonathan Ferland.
1:39 of 3rd period - Stopped by Chet Pickard without a rebound.
1:40 of 3rd period - Corban Knight wins face-off versus Kyle Connor in Ice Dragons zone.
2:05 of 3rd period - Chandler Stephenson is hit by Zach Trotman and loses puck.
2:09 of 3rd period - Icing by Dylan Blujus.
2:10 of 3rd period - Chandler Stephenson wins face-off versus Emil Pettersson in Senators zone.
2:10 of 3rd period - Chandler Stephenson is hit by William Carrier.
2:21 of 3rd period - Minor Penalty to Zachary Sanford for High sticking.
2:22 of 3rd period - Jonathan Ferland wins face-off versus Corban Knight in Senators zone.
2:48 of 3rd period - Dylan Blujus is hit by Logan MacMillan and loses puck.
2:55 of 3rd period - Slapshot by Luca Sbisa.
2:55 of 3rd period - Deflect By Justin Shugg.
2:55 of 3rd period - Shot Misses the Net.
2:55 of 3rd period - Puck is out of play.
2:56 of 3rd period - Jonathan Ferland wins face-off versus Corban Knight in Senators zone.
3:05 of 3rd period - Snap shot by Corban Knight.
3:05 of 3rd period - Shot Misses the Net.
3:07 of 3rd period - Slapshot by Alex Plante.
3:07 of 3rd period - Shot Misses the Net.
3:09 of 3rd period - Slapshot by Luca Sbisa.
3:09 of 3rd period - Stopped by Justin Peters with a rebound.
3:11 of 3rd period - Snap shot by Luca Sbisa.
3:11 of 3rd period - Deflect By Corban Knight.
3:11 of 3rd period - Shot Misses the Net.
3:11 of 3rd period - Puck is out of play.
3:12 of 3rd period - Corban Knight wins face-off versus Jonathan Ferland in Senators zone.
3:35 of 3rd period - Corban Knight is hit by Keegan Lowe and loses puck.
4:21 of 3rd period - Penalty to Zachary Sanford is over, Zachary Sanford is back on ice.
4:27 of 3rd period - Luca Sbisa is hit by Brett Bulmer and loses puck.
4:32 of 3rd period - Wrist shot by Anthony Richard.
4:32 of 3rd period - Stopped by Chet Pickard without a rebound.
4:33 of 3rd period - Sam Carrick wins face-off versus Chandler Stephenson in Ice Dragons zone.
4:41 of 3rd period - Off-side.
4:42 of 3rd period - Chandler Stephenson wins face-off versus Sam Carrick in neutral zone.
4:59 of 3rd period - Wrist shot by Zachary Sanford.
4:59 of 3rd period - Stopped by Chet Pickard without a rebound.
5:00 of 3rd period - Jordan Schroeder wins face-off versus Corban Knight in Ice Dragons zone.
5:03 of 3rd period - Backhand shot by Nick Foligno.
5:03 of 3rd period - Stopped by Chet Pickard without a rebound.
5:04 of 3rd period - Jordan Schroeder wins face-off versus Corban Knight in Ice Dragons zone.
5:25 of 3rd period - Minor Penalty to Kevin Connauton for Hooking.
5:26 of 3rd period - Corban Knight wins face-off versus Jordan Schroeder in Ice Dragons zone.
6:05 of 3rd period - Sam Carrick is hit by Dylan Blujus and loses puck.
7:25 of 3rd period - Penalty to Kevin Connauton is over, Kevin Connauton is back on ice.
7:41 of 3rd period - Slapshot by Phil Di Giuseppe.
7:41 of 3rd period - Shot Blocked by Keegan Lowe.
7:43 of 3rd period - Slapshot by Jerome Gauthier-Leduc.
7:43 of 3rd period - Stopped by Justin Peters without a rebound.
7:44 of 3rd period - Sam Carrick wins face-off versus Zachary Sanford in Senators zone.
7:45 of 3rd period - Slapshot by Kevin Connauton.
7:45 of 3rd period - Shot Blocked by Zachary Sanford.
7:47 of 3rd period - Slapshot by Justin Shugg.
7:47 of 3rd period - Shot Misses the Net.
8:11 of 3rd period - Emil Pettersson is hit by Nick Foligno and loses puck.
8:33 of 3rd period - Icing by Nick Foligno.
8:34 of 3rd period - Corban Knight wins face-off versus Zemgus Girgensons in Senators zone.
8:37 of 3rd period - Wrist shot by Corban Knight.
8:37 of 3rd period - Deflect By Brandon Kozun.
8:37 of 3rd period - Shot Misses the Net.
8:37 of 3rd period - Puck is out of play.
8:38 of 3rd period - Corban Knight wins face-off versus Kyle Connor in Senators zone.
8:51 of 3rd period - Slapshot by Tomas Jurco.
8:51 of 3rd period - Shot Blocked by Billy Sweat.
10:00 of 3rd period - Snap shot by William Carrier.
10:00 of 3rd period - Stopped by Justin Peters without a rebound.
10:01 of 3rd period - Billy Sweat wins face-off versus Zemgus Girgensons in Senators zone.
10:20 of 3rd period - Icing by Tomas Jurco.
10:21 of 3rd period - Sam Carrick wins face-off versus Zemgus Girgensons in Senators zone.
10:30 of 3rd period - Wrist shot by Sam Carrick.
10:30 of 3rd period - Stopped by Justin Peters with a rebound.
10:53 of 3rd period - Snap shot by Billy Sweat.
10:53 of 3rd period - Stopped by Justin Peters with a rebound.
11:27 of 3rd period - Adam Ollas-Mattsson is hit by Juho Lammikko and loses puck.
11:36 of 3rd period - Snap shot by Juho Lammikko.
11:36 of 3rd period - Shot Misses the Net.
12:21 of 3rd period - Emil Pettersson is hit by Grant Besse and loses puck.
12:42 of 3rd period - Anthony Richard is hit by Juho Lammikko and loses puck.
13:29 of 3rd period - Slapshot by Alex Plante.
13:29 of 3rd period - Stopped by Justin Peters without a rebound.
13:30 of 3rd period - Kyle Connor wins face-off versus Sam Carrick in Senators zone.
13:37 of 3rd period - Backhand shot by Logan MacMillan.
13:37 of 3rd period - Shot Blocked by Zemgus Girgensons.
13:39 of 3rd period - Slapshot by Kevin Connauton.
13:39 of 3rd period - Stopped by Justin Peters with a rebound.
13:41 of 3rd period - Slapshot by Sam Carrick.
13:41 of 3rd period - Shot Blocked by Zemgus Girgensons.
13:46 of 3rd period - Minor Penalty to Keegan Lowe for Tripping.
13:47 of 3rd period - Brandon Kozun wins face-off versus Nick Foligno in Senators zone.
13:53 of 3rd period - Snap shot by Corban Knight.
13:53 of 3rd period - Shot Blocked by Adam Ollas-Mattsson.
14:25 of 3rd period - Icing by Corban Knight.
14:26 of 3rd period - Tomas Jurco wins face-off versus Corban Knight in Ice Dragons zone.
15:46 of 3rd period - Penalty to Keegan Lowe is over, Keegan Lowe is back on ice.
15:58 of 3rd period - Minor Penalty to Jerome Gauthier-Leduc for Tripping.
15:59 of 3rd period - Jordan Schroeder wins face-off versus Corban Knight in Ice Dragons zone.
16:06 of 3rd period - Snap shot by Nick Foligno.
16:06 of 3rd period - Goal by Nick Foligno - Senators : 5 - Ice Dragons : 1.
16:07 of 3rd period - Jordan Schroeder wins face-off versus Corban Knight in neutral zone.
16:32 of 3rd period - Corban Knight is hit by Dylan Blujus and loses puck.
16:41 of 3rd period - Wrist shot by Zachary Sanford.
16:41 of 3rd period - Stopped by Chet Pickard without a rebound.
16:42 of 3rd period - Jordan Schroeder wins face-off versus Sam Carrick in Ice Dragons zone.
17:50 of 3rd period - Snap shot by Jonathan Ferland.
17:50 of 3rd period - Stopped by Chet Pickard without a rebound.
17:51 of 3rd period - Jordan Schroeder wins face-off versus Corban Knight in Ice Dragons zone.
18:43 of 3rd period - Snap shot by Tomas Jurco.
18:43 of 3rd period - Shot Misses the Net.
18:45 of 3rd period - Slapshot by Keegan Lowe.
18:45 of 3rd period - Stopped by Chet Pickard with a rebound.
18:47 of 3rd period - Snap shot by Kyle Connor.
18:47 of 3rd period - Shot Misses the Net.
18:49 of 3rd period - Slapshot by Zemgus Girgensons.
18:49 of 3rd period - Stopped by Chet Pickard with a rebound.
18:51 of 3rd period - Slapshot by Keegan Lowe.
18:51 of 3rd period - Shot Blocked by Alex Plante.
18:53 of 3rd period - Slapshot by Keegan Lowe.
18:53 of 3rd period - Stopped by Chet Pickard with a rebound.
18:55 of 3rd period - Slapshot by Keegan Lowe.
18:55 of 3rd period - Shot Misses the Net.
18:57 of 3rd period - Slapshot by Kyle Connor.
18:57 of 3rd period - Stopped by Chet Pickard without a rebound.
18:58 of 3rd period - Corban Knight wins face-off versus Jordan Schroeder in Ice Dragons zone.
19:25 of 3rd period - Sam Carrick is hit by Jack Dougherty and loses puck.
19:34 of 3rd period - Snap shot by Justin Shugg.
19:34 of 3rd period - Shot Blocked by Jack Dougherty.
19:52 of 3rd period - Adam Ollas-Mattsson is hit by Emil Pettersson and loses puck.
Goals for this period are 1 for Senators vs 0 for Ice Dragons.
Shots for this period are 12 for Senators vs 8 for Ice Dragons.